 Dungeon Crawl Stone Soup version 0.21-a0-521-g1cd18d1 (webtiles) character file.

13159 Lanoc the Destroyer (level 12, -5/89 HPs)
             Began as a Gnoll Conjurer on Dec 5, 2017.
             Was a Believer of Sif Muna.
             Slain by a shadow (11 damage)
             ... on level 12 of the Dungeon on Dec 6, 2017.
             The game lasted 01:14:19 (15054 turns).

Lanoc the Destroyer (Gnoll Conjurer)               Turns: 15054, Time: 01:14:21

Health: -5/89      AC:  7    Str: 13    XL:     12   Next: 3%
Magic:  11/24      EV: 19    Int: 21    God:    Sif Muna [**....]
Gold:   668        SH:  0    Dex: 21    Spells: 13/28 levels left

rFire    . . .     SeeInvis .   G - staff of death
rCold    + . .     Gourm    .   (no shield)
rNeg     + + .     Faith    .   a - +1 robe
rPois    .         Spirit   .   j - +1 helmet
rElec    .         Reflect  .   (no cloak)
rCorr    .         Harm     .   f - +0 pair of gloves
MR       .....                  (no boots)
Stlth    +++.......             (no amulet)
HPRegen  0.24/turn              K - +2 ring of strength
MPRegen  0.19/turn              i - ring "Cimyry" {rC+ rN+ Dex+4 Stlth-}

@: divine energy
A: distributed training, fangs 1, strong nose
a: Stop Divine Energy, Renounce Religion


You were on level 12 of the Dungeon.
You worshipped Sif Muna.
Sif Muna was pleased with you.
You were not hungry.

You visited 2 branches of the dungeon, and saw 13 of its levels.
You also visited: Ossuary.

You collected 668 gold pieces.

Inventory:

Hand Weapons
 u - a +3 long sword of freezing
Missiles
 P - 4 poisoned tomahawks (quivered)
Armour
 a - a +1 robe (worn)
 f - a +0 pair of gloves (worn)
 j - a +1 helmet (worn)
Magical Staves
 s - an uncursed staff of fire
 G - an uncursed staff of death (weapon)
Jewellery
 i - the ring "Cimyry" (right hand) {rC+ rN+ Dex+4 Stlth-}
   (You found it on level 5 of the Dungeon)

   [ring of protection from cold]

   It affects your dexterity (+4).
   It protects you from cold.
   It protects you from negative energy.
   It makes you less stealthy.
 m - an uncursed ring of flight
 n - an uncursed ring of ice
 K - a +2 ring of strength (left hand)
Wands
 p - a wand of polymorph (15)
 y - a wand of flame (65)
 D - a wand of acid (5)
 H - a wand of clouds (7)
 L - a wand of random effects (20)
Scrolls
 k - 3 scrolls of enchant armour
 q - 6 scrolls of remove curse
 r - a scroll of noise {unknown}
 A - 5 scrolls of teleportation
 C - a scroll of magic mapping
 F - a scroll of identify
 J - 2 scrolls of immolation {unknown}
 O - a scroll of fog {unknown}
Potions
 d - 7 potions of haste
 e - 5 potions of curing {unknown}
 g - 3 potions of mutation {unknown}
 h - 3 potions of agility
 o - a potion of cancellation {unknown}
 t - 6 potions of brilliance {unknown}
 w - 3 potions of magic {unknown}
 x - 2 potions of might {unknown}
 z - 2 potions of invisibility {unknown}
 E - 2 potions of heal wounds {unknown}
 N - a potion of lignification
Books
 b - a book of Conjurations

   Spells                             Type                      Level
   a - Magic Dart                     Conjuration                  1
   b - Searing Ray                    Conjuration                  2
   c - Dazzling Spray                 Conjuration/Hexes            3
   d - Fulminant Prism                Conjuration/Hexes            4
   e - Force Lance                    Conjuration/Translocation    4
   f - Iskenderun's Mystic Blast      Conjuration                  4
 v - a book of Cantrips

   Spells                             Type                      Level
   a - Confusing Touch                Hexes                        1
   b - Animate Skeleton               Necromancy                   1
   c - Summon Small Mammal            Summoning                    1
   d - Apportation                    Translocation                1
 B - a book of Necromancy

   Spells                             Type                      Level
   a - Pain                           Necromancy                   1
   b - Animate Skeleton               Necromancy                   1
   c - Vampiric Draining              Necromancy                   3
   d - Regeneration                   Charms/Necromancy            3
   e - Animate Dead                   Necromancy                   4
   f - Control Undead                 Necromancy                   4
 M - a book of Frost

   Spells                             Type                      Level
   a - Freeze                         Ice                          1
   b - Throw Frost                    Conjuration/Ice              2
   c - Ozocubu's Armour               Charms/Ice                   3
   d - Throw Icicle                   Conjuration/Ice              4
   e - Summon Ice Beast               Ice/Summoning                4
Comestibles
 c - 10 bread rations
 l - 3 meat rations
 I - 17 fruits


   Skills:
 + Level 6.7 Fighting
 + Level 6.7 Short Blades
 + Level 6.7 Long Blades
 + Level 6.7 Axes
 + Level 6.7 Maces & Flails
 + Level 6.7 Polearms
 + Level 6.7 Staves
 + Level 6.7 Slings
 + Level 6.7 Bows
 + Level 6.7 Crossbows
 + Level 6.7 Throwing
 + Level 6.7 Armour
 + Level 8.2 Dodging
 + Level 8.0 Stealth
 + Level 6.7 Shields
 + Level 6.7 Unarmed Combat
 + Level 8.5 Spellcasting
 + Level 9.1 Conjurations
 + Level 5.6 Hexes
 + Level 5.6 Charms
 + Level 5.6 Summonings
 + Level 5.6 Necromancy
 + Level 5.6 Translocations
 + Level 5.6 Transmutations
 + Level 5.6 Fire Magic
 + Level 5.6 Ice Magic
 + Level 5.6 Air Magic
 + Level 5.6 Earth Magic
 + Level 5.6 Poison Magic
 + Level 7.4 Invocations
 + Level 6.7 Evocations


You had 13 spell levels left.
You knew the following spells:

 Your Spells              Type           Power        Failure   Level  Hunger
a - Magic Dart            Conj           ####         1%          1    None
b - Searing Ray           Conj           #####.       1%          2    None
c - Force Lance           Conj/Tloc      #####...     3%          4    ###....
d - Fulminant Prism       Conj/Hex       #####.....   3%          4    ###....
e - Throw Icicle          Conj/Ice       #####...     3%          4    ###....


Dungeon Overview and Level Annotations

Branches:
Dungeon (12/15)            Temple (1/1) D:7            Lair (0/6) D:9
    Orc (0/2) D:9

Altars:
Ashenzari
Cheibriados
Dithmenos
Elyvilon
Fedhas
Gozag
Hepliaklqana
Kikubaaqudgha
Makhleb
Nemelex Xobeh
Okawaru
Qazlal
Ru
Sif Muna
Trog
Uskayaw
Vehumet
Wu Jian
Xom
Yredelemnul
Zin
The Shining One

Shops:
D:10 ?

Annotations:
D:12 Thaneod's ghost, journeyman DEAE


Innate Abilities, Weirdness & Mutations

Your experience applies equally to all skills.
You have very sharp teeth.
Your uncanny sense of smell can sniff out nearby items.


Message History

You are electrocuted!
The searing ray hits Thaneod's ghost.
Thaneod's ghost is heavily damaged.
Thaneod's ghost hits you.
The shadow strikes at you from the darkness!
* * * LOW HITPOINT WARNING * * *
Reactivating autopickup.
The searing ray hits Thaneod's ghost.
Thaneod's ghost is severely damaged.
Thaneod's ghost hits you.
* * * LOW HITPOINT WARNING * * *
The shadow completely misses you.
The searing ray hits Thaneod's ghost.
Thaneod's ghost is almost destroyed.
You finish channeling your searing ray.
Thaneod's ghost hits you.
* * * LOW HITPOINT WARNING * * *
You are electrocuted!
* * * LOW HITPOINT WARNING * * *
The shadow hits you!
You die...

#############
##..<..#.....##
##.............## ##
#...............#####.
#....@...<.......÷....
#....WW.).......#####o
#..................###
#..................#
#..................#
##.................#
##.....#..........#∆#
#######.##.####.##


You could see a shadow and Thaneod's ghost.

Vanquished Creatures
  4 two-headed ogres
  A necromancer (D:10)
  An ugly thing (D:11)
  2 oklob plants (D:11)
  A cyclops (D:9)
  A kobold demonologist (D:11)
  A troll (D:12)
  2 hippogriffs (D:7)
  4 hogs (D:7)
  A human (D:7)
  2 hungry ghosts (D:9)
  Edmund (D:5)
  A water moccasin (D:9)
  4 orc warriors
  A black bear (D:8)
  3 ice beasts
  A hornet zombie (D:8)
  2 phantoms (D:9)
  A necrophage (D:10)
  5 sky beasts
  6 centaurs
  8 ogres
  A big kobold (D:9)
  2 elf zombies (Ossuary)
  6 bullfrogs
  A gnoll sergeant (D:10)
  3 scorpions
  2 troll zombies (D:9)
  4 howler monkeys
  8 wights
  A crimson imp (D:8)
  2 quasits (D:7)
  6 hounds
  A human zombie (Ossuary)
  3 jellies (D:8)
  5 orc priests
  3 centaur skeletons
  6 iguanas
  11 orc wizards
  8 worker ants
  4 polar bear simulacra (D:10)
  4 yak simulacra (D:10)
  A killer bee zombie (D:8)
  A wolf simulacrum (D:10)
  6 ogre zombies (D:9)
  2 hound zombies
  A mummy (Ossuary)
  Robin (D:3)
  A howler monkey zombie (D:5)
  A worker ant zombie (D:11)
  12 gnolls
  12 adders
  3 shadow imps
  An adder zombie (Ossuary)
  3 worms
  3 dart slugs
  6 leopard geckos
  33 orcs
  6 giant cockroaches
  17 goblins
  12 hobgoblins
  13 jackals
  10 kobolds
  3 quokkas
  2 ball pythons
  7 bats
  6 frilled lizards
  2 goblin zombies (Ossuary)
  A hobgoblin skeleton (D:9)
  9 hobgoblin zombies
  2 jackal zombies (Ossuary)
  10 kobold zombies (Ossuary)
  A leopard gecko skeleton (D:4)
  A leopard gecko zombie (D:8)
  4 orc skeletons (D:9)
  27 orc zombies
  2 quokka skeletons
  A quokka zombie (D:5)
  7 rats
  4 rat zombies
  2 river rat simulacra (D:10)
  2 fulminant prisms (D:10)
372 creatures vanquished.

Vanquished Creatures (others)
  31 fulminant prisms
31 creatures vanquished.

Grand Total: 403 creatures vanquished

Notes
Turn   | Place    | Note
-------+----------+-------------------------------------------
     0 | D:1      | Lanoc the Gnoll Conjurer began the quest for the Orb.
     0 | D:1      | Reached XP level 1. HP: 13/13 MP: 6/6
    27 | D:1      | Reached XP level 2. HP: 20/20 MP: 2/7
    31 | D:1      | Learned a level 2 spell: Searing Ray
   520 | D:1      | Reached XP level 3. HP: 25/25 MP: 5/9
   570 | D:1      | Reached skill level 5 in Spellcasting
   951 | D:2      | Reached skill level 1 in Invocations
  1049 | D:2      | Reached skill level 1 in Fighting
  1049 | D:2      | Reached skill level 1 in Short Blades
  1049 | D:2      | Reached skill level 1 in Long Blades
  1049 | D:2      | Reached skill level 1 in Axes
  1049 | D:2      | Reached skill level 1 in Maces & Flails
  1049 | D:2      | Reached skill level 1 in Polearms
  1049 | D:2      | Reached skill level 1 in Staves
  1049 | D:2      | Reached skill level 1 in Slings
  1049 | D:2      | Reached skill level 1 in Bows
  1049 | D:2      | Reached skill level 1 in Crossbows
  1049 | D:2      | Reached skill level 1 in Throwing
  1049 | D:2      | Reached skill level 1 in Armour
  1049 | D:2      | Reached skill level 1 in Shields
  1049 | D:2      | Reached skill level 1 in Unarmed Combat
  1049 | D:2      | Reached skill level 1 in Evocations
  1049 | D:2      | Reached XP level 4. HP: 14/32 MP: 4/11
  1053 | D:2      | Found a faded altar of an unknown god.
  1142 | D:2      | Reached skill level 1 in Hexes
  1142 | D:2      | Reached skill level 1 in Charms
  1142 | D:2      | Reached skill level 1 in Summonings
  1142 | D:2      | Reached skill level 1 in Necromancy
  1142 | D:2      | Reached skill level 1 in Translocations
  1142 | D:2      | Reached skill level 1 in Transmutations
  1142 | D:2      | Reached skill level 1 in Fire Magic
  1142 | D:2      | Reached skill level 1 in Ice Magic
  1142 | D:2      | Reached skill level 1 in Air Magic
  1142 | D:2      | Reached skill level 1 in Earth Magic
  1142 | D:2      | Reached skill level 1 in Poison Magic
  1323 | D:2      | Reached XP level 5. HP: 37/37 MP: 7/12
  1501 | D:2      | Found a blossoming altar of Fedhas.
  2126 | D:3      | Noticed Robin
  2130 | D:3      | Reached XP level 6. HP: 43/44 MP: 8/13
  2168 | D:3      | Killed Robin
  2744 | D:4      | Reached skill level 5 in Dodging
  3122 | D:4      | Reached XP level 7. HP: 33/50 MP: 6/15
  3504 | D:4      | Reached skill level 5 in Stealth
  4201 | D:5      | Entered Level 5 of the Dungeon
  4201 | D:5      | Noticed Edmund
  4232 | D:4      | Reached XP level 8. HP: 46/57 MP: 4/16
  4283 | D:5      | Killed Edmund
  4408 | D:5      | Got an ancient jade ring
  4410 | D:5      | Identified the ring "Cimyry" {rC+ rN+ Dex+4 Stlth-} (You found it on level 5 of the Dungeon)
  4455 | D:5      | Found a hide-covered altar of Uskayaw.
  4455 | D:5      | Found a basalt altar of Yredelemnul.
  4515 | D:5      | Found a sand-covered staircase.
  4523 | Ossuary  | Entered an ossuary
  5469 | D:5      | Learned a level 4 spell: Force Lance
  5587 | D:5      | Found a glowing golden altar of the Shining One.
  5612 | D:5      | Reached XP level 9. HP: 20/65 MP: 1/18
  6566 | D:6      | Reached skill level 8 in Conjurations
  6718 | D:6      | Found an ornate altar of the Wu Jian Council.
  7295 | D:7      | Found a staircase to the Ecumenical Temple.
  7305 | Temple   | Entered the Ecumenical Temple
  7377 | Temple   | Became a worshipper of Sif Muna the Loreminder
  7565 | D:7      | Learned a level 4 spell: Fulminant Prism
  7566 | D:7      | Found a shimmering altar of Xom.
  7702 | D:7      | Reached skill level 5 in Invocations
  7850 | D:7      | Reached XP level 10. HP: 73/73 MP: 12/20
  7980 | D:7      | Reached skill level 5 in Fighting
  7980 | D:7      | Reached skill level 5 in Short Blades
  7980 | D:7      | Reached skill level 5 in Long Blades
  7980 | D:7      | Reached skill level 5 in Axes
  7980 | D:7      | Reached skill level 5 in Maces & Flails
  7980 | D:7      | Reached skill level 5 in Polearms
  7980 | D:7      | Reached skill level 5 in Staves
  7980 | D:7      | Reached skill level 5 in Slings
  7980 | D:7      | Reached skill level 5 in Bows
  7980 | D:7      | Reached skill level 5 in Crossbows
  7980 | D:7      | Reached skill level 5 in Throwing
  7980 | D:7      | Reached skill level 5 in Armour
  7980 | D:7      | Reached skill level 5 in Shields
  7980 | D:7      | Reached skill level 5 in Unarmed Combat
  7980 | D:7      | Reached skill level 5 in Evocations
  8858 | D:8      | Noticed a two-headed ogre
  8914 | D:8      | Killed a two-headed ogre
  8914 | D:8      | Reached * piety under Sif Muna
  9153 | D:8      | Noticed a two-headed ogre
  9173 | D:8      | Killed a two-headed ogre
  9584 | D:8      | You fall through a shaft!
  9699 | D:9      | Found a staircase to the Lair.
  9851 | D:9      | Reached XP level 11. HP: 74/81 MP: 5/22
 10037 | D:9      | Found a staircase to the Orcish Mines.
 10549 | D:9      | Noticed a two-headed ogre
 10557 | D:9      | Killed a two-headed ogre
 10630 | D:9      | Found a hazy altar of Hepliaklqana.
 10667 | D:9      | Noticed a cyclops
 10677 | D:9      | Killed a cyclops
 10677 | D:9      | Reached skill level 5 in Hexes
 10677 | D:9      | Reached skill level 5 in Charms
 10677 | D:9      | Reached skill level 5 in Summonings
 10677 | D:9      | Reached skill level 5 in Necromancy
 10677 | D:9      | Reached skill level 5 in Translocations
 10677 | D:9      | Reached skill level 5 in Transmutations
 10677 | D:9      | Reached skill level 5 in Fire Magic
 10677 | D:9      | Reached skill level 5 in Ice Magic
 10677 | D:9      | Reached skill level 5 in Air Magic
 10677 | D:9      | Reached skill level 5 in Earth Magic
 10677 | D:9      | Reached skill level 5 in Poison Magic
 10866 | D:9      | Reached ** piety under Sif Muna
 10950 | D:9      | Found a stormy altar of Qazlal.
 11035 | D:9      | Noticed a two-headed ogre
 11046 | D:9      | Killed a two-headed ogre
 11341 | D:10     | Entered Level 10 of the Dungeon
 11557 | D:10     | Found Onnos's Magic Scroll Emporium.
 11788 | D:10     | Noticed a necromancer
 11803 | D:10     | Killed a necromancer
 12068 | D:10     | Reached skill level 9 in Conjurations
 12549 | D:10     | Learned a level 4 spell: Throw Icicle
 12790 | D:11     | Noticed a purple ugly thing
 12979 | D:11     | Killed a purple ugly thing
 13603 | D:11     | Found a blossoming altar of Fedhas.
 13605 | D:11     | Noticed an oklob plant
 13605 | D:11     | Noticed an oklob plant
 13624 | D:11     | Killed an oklob plant
 13756 | D:11     | Killed an oklob plant
 14047 | D:12     | Reached XP level 12. HP: 89/89 MP: 20/24
 14064 | D:12     | Noticed Thaneod's ghost (journeyman DEAE)
 15054 | D:12     | Slain by a shadow

Vault maps used:
D:1:      dpeg_arrival_erosion, hex_medium
D:2:      chequers_ecumenical_altar_grove, kennysheep_minor_cross,
          fedhas_altar_4
D:3:      kennysheep_goblin_castle
D:4:      first_bread
D:5:      chequers_temple_overflow_statue_of_worship, enter_ossuary_4,
          serial_corexii_hall, corexii_hall_statues_i, corexii_hall_statues_i,
          nicolae_tso_carved_into_rock, uniq_edmund
D:6:      kennysheep_little_box
D:7:      minmay_temple_entry_large_hall, basic_altar, grunt_livestock
D:9:      grunt_qazlal_clouds, kennysheep_mini, dpeg_oklobed_lair,
          zombieorc2_lemuel
D:10:     serial_shops, shop, eino_house_with_fridge
D:11:     hangedman_tree_tricks, grunt_ministairs_12, minmay_misc_feat_enclosed,
          minmay_checkerbox
D:12:     minmay_containers
Temple:   compressed_dpeg_circular_temple
Ossuary:  ossuary_tomb_1

Skill      XL: |  1  2  3  4  5  6  7  8  9 10 11 |
---------------+----------------------------------+-----
Spellcasting   | 5 6 7 8 |  8.5
Invocations    | 1 2 3 4 5 6 7 |  7.4
Fighting       | 1 2 3 4 5 6 |  6.7
Short Blades   | 1 2 3 4 5 6 |  6.7
Long Blades    | 1 2 3 4 5 6 |  6.7
Axes           | 1 2 3 4 5 6 |  6.7
Maces & Flails | 1 2 3 4 5 6 |  6.7
Polearms       | 1 2 3 4 5 6 |  6.7
Staves         | 1 2 3 4 5 6 |  6.7
Slings         | 1 2 3 4 5 6 |  6.7
Bows           | 1 2 3 4 5 6 |  6.7
Crossbows      | 1 2 3 4 5 6 |  6.7
Throwing       | 1 2 3 4 5 6 |  6.7
Armour         | 1 2 3 4 5 6 |  6.7
Shields        | 1 2 3 4 5 6 |  6.7
Unarmed Combat | 1 2 3 4 5 6 |  6.7
Evocations     | 1 2 3 4 5 6 |  6.7
Hexes          | 1 2 3 4 5 |  5.6
Charms         | 1 2 3 4 5 |  5.6
Summonings     | 1 2 3 4 5 |  5.6
Necromancy     | 1 2 3 4 5 |  5.6
Translocations | 1 2 3 4 5 |  5.6
Transmutations | 1 2 3 4 5 |  5.6
Fire Magic     | 1 2 3 4 5 |  5.6
Ice Magic      | 1 2 3 4 5 |  5.6
Air Magic      | 1 2 3 4 5 |  5.6
Earth Magic    | 1 2 3 4 5 |  5.6
Poison Magic   | 1 2 3 4 5 |  5.6
Dodging        | 5 6 7 8 |  8.2
Stealth        | 5 6 7 8 |  8.0
Conjurations   | 8 9 |  9.1

Action                   |  1- 3 |  4- 6 |  7- 9 | 10-12 || total
-------------------------+-------+-------+-------+-------++-------
Melee: Mace              |     7 |    14 |       |       ||    21
       Bite              |       |     5 |    24 |    32 ||    61
       Quarterstaff      |       |    19 |       |       ||    19
       Staff             |       |     6 |   191 |   209 ||   406
       Punch             |       |       |     5 |    10 ||    15
 Cast: Magic Dart        |    32 |    19 |    11 |    65 ||   127
       Searing Ray       |     5 |    36 |    83 |   103 ||   227
       Force Lance       |       |       |     2 |    10 ||    12
       Fulminant Prism   |       |       |     1 |    32 ||    33
       Throw Icicle      |       |       |       |     4 ||     4
Invok: Divine Energy     |       |       |       |     1 ||     1
  Use: Scroll            |     3 |     2 |     4 |     4 ||    13
 Stab: Sleeping          |     2 |     2 |       |     2 ||     6
       Distracted        |       |       |     1 |     1 ||     2
  Eat: Chunk             |       |     7 |     9 |    10 ||    26
       Fruit             |       |       |     2 |     8 ||    10
       Bread ration      |       |       |     1 |       ||     1
       Royal jelly       |       |       |       |     6 ||     6
Armor: Robe              |     4 |     7 |    57 |    77 ||   145
Dodge: Dodged            |    11 |    35 |   251 |   299 ||   596

Table legend:
 A = Spawn XP
 B = Non-spawn XP
 C = Spawn XP percentage of total XP
 D = Spawn monster count
 E = Non-spawn monster count
 F = Spawn count percentage of total count
 G = Total turns spent on level
                    A         B        C        D         E        F      G
               +---------+---------+-------+---------+---------+-------+---------
         Total |       0 |   18799 |   0.0 |       0 |     370 |   0.0 | 15054
               +---------+---------+-------+---------+---------+-------+---------
           D:1 |       0 |      41 |   0.0 |       0 |      17 |   0.0 |   897
           D:2 |       0 |     154 |   0.0 |       0 |      30 |   0.0 |  1006
           D:3 |       0 |     191 |   0.0 |       0 |      37 |   0.0 |   797
           D:4 |       0 |     839 |   0.0 |       0 |      35 |   0.0 |  1555
           D:5 |       0 |    1114 |   0.0 |       0 |      22 |   0.0 |  1044
           D:6 |       0 |     908 |   0.0 |       0 |      21 |   0.0 |   988
           D:7 |       0 |    2272 |   0.0 |       0 |      31 |   0.0 |  1055
           D:8 |       0 |    3086 |   0.0 |       0 |      29 |   0.0 |  1333
           D:9 |       0 |    4529 |   0.0 |       0 |      64 |   0.0 |  1757
          D:10 |       0 |    1454 |   0.0 |       0 |      25 |   0.0 |  1212
          D:11 |       0 |    3492 |   0.0 |       0 |      18 |   0.0 |  2413
          D:12 |       0 |     435 |   0.0 |       0 |       4 |   0.0 |    88
       Ossuary |       0 |     284 |   0.0 |       0 |      37 |   0.0 |   830
               +---------+---------+-------+---------+---------+-------+---------
